 Dungeon Sprint DCSS version 0.29.1-15-g9cfb28693d (webtiles) character file.

Game seed: 8395801314133279146

27563 boopmooplesden the Executioner (level 13, -5/217 HPs)
             Began as a Minotaur Fighter on Mar 21, 2023.
             Was the Champion of Trog.
             Succumbed to poison (poison gas)
             ... in the Dungeon (Sprint VII: "The Pits").
             The game lasted 00:07:55 (3456 turns).

boopmooplesden the Executioner (Minotaur Fighter)   Turns: 3456, Time: 00:07:55

Health: -5/217     AC: 26    Str: 26    XL:     13   Next: 5%
Magic:  12/12      EV: 10    Int:  5    God:    Trog [******]
Gold:   26         SH:  9    Dex: 18    Spells: 12/12 levels left

rFire   + . .      SeeInvis +   j - +10 war axe of Past Mistakes {flame, rElec Will+ rCorr Dex+5 Stlth-}
rCold   + . .      Faith    .   c - +0 buckler
rNeg    . . .      Spirit   .   n - +4 plate armour
rPois   .          Reflect  .   (helmet restricted)
rElec   +          Harm     .   (no cloak)
rCorr   +          Rampage  .   s - +0 pair of gloves
Will    +....      NoTele   +   t - +0 pair of boots
Stlth   ..........              (no amulet)
HPRegen 0.46/turn               p - +3 ring of dexterity
MPRegen 0.13/turn               K - ring "Weoxkinumu" {rF+ rC+ SInv}

@: berserking, lethally poisoned (-5 -> -57), very quick
A: horns 2, retaliatory headbutt
a: Renounce Religion, Berserk, Trog's Hand, Brothers in Arms


You were in the Dungeon.
You worshipped Trog.
Trog was exalted by your worship.
You visited 1 branch You collected 26 gold pieces.

Inventory:

Hand Weapons
 a - a +0 war axe
 j - the +10 war axe of Past Mistakes (weapon) {flame, rElec Will+ rCorr Dex+5 Stlth-}
   (Trog gifted it to you in the Dungeon)

   It burns those it strikes, dealing additional fire damage.
   Big, fiery blades are also staple armaments of hydra-hunters.
   Dex:       It affects your dexterity (+5).
   rElec:     It insulates you from electricity.
   rCorr:     It protects you from acid and corrosion.
   Will:      It increases your willpower.
   Stlth:     It makes you less stealthy.
 o - a +1 vorpal hand axe
 r - the +5 lochaber axe {reach-cleave, poleaxe}
   (You found it in the Dungeon)

   It can be evoked to extend its reach, and strikes at all foes within reach,
   dealing less damage to those not targeted.
   It uses either Axes or Polearms skill, whichever is higher.
 u - a +4 vorpal executioner's axe
 w - a +5 broad axe of flaming
Missiles
 v - a throwing net (quivered)
Armour
 b - a +0 scale mail
 c - a +0 buckler (worn)
 n - a +4 plate armour (worn)
 s - a +0 pair of gloves (worn)
 t - a +0 pair of boots (worn)
Jewellery
 p - a +3 ring of dexterity (left hand)
 q - a +3 ring of protection
 x - a ring of positive energy
 z - a ring of protection from fire
 B - a ring of protection from fire
 I - a ring of see invisible
 J - a ring of flight
 K - the ring "Weoxkinumu" (right hand) {rF+ rC+ SInv}
   (You found it in the Dungeon)

   [ring of see invisible]

   rF:        It protects you from fire.
   rC:        It protects you from cold.
   SInv:      It lets you see invisible.
Wands
 m - a wand of mindburst (32)
Scrolls
 l - 5 scrolls of amnesia
 y - a scroll of silence
 A - a scroll of summoning
 C - a scroll of blinking
 E - 3 scrolls of fog
 F - 3 scrolls of enchant weapon
 H - a scroll of identify
Potions
 d - 2 potions of might
 e - 5 potions of curing
 f - 13 potions of heal wounds
 g - 3 potions of haste
 h - 4 potions of magic
 i - 4 potions of berserk rage
 k - 2 potions of invisibility
 G - a potion of resistance


   Skills:
 + Level 22.1 Fighting
 + Level 23.4 Axes
 + Level 19.9 Armour
 + Level 3.6 Dodging
 + Level 2.2 Stealth
 + Level 16.0 Shields


You had 12 spell levels left.
You didn't know any spells.
Your spell library was empty.

Dungeon Overview and Level Annotations

Branches:
Dungeon (1/1)

Altars:
Cheibriados
Dithmenos
Elyvilon
Fedhas
Gozag
Hepliaklqana
Makhleb
Nemelex Xobeh
Okawaru
Qazlal
Ru
Sif Muna
Trog
Vehumet
Wu Jian
Xom
Yredelemnul
Zin
The Shining One
Jiyva
Lugonu


Innate Abilities, Weirdness & Mutations

You have a pair of horns on your head.
You reflexively headbutt those who attack you in melee.


Message History

You feel extremely sick.
The molten gargoyle hits you but does no damage.
You hit the molten gargoyle.
The molten gargoyle is heavily damaged.
You are engulfed in poison gas.
You are lethally poisoned!
* * * LOW HITPOINT WARNING * * *
x2 You feel extremely sick.
The merfolk throws a boomerang.
The boomerang hits you.
* * * LOW HITPOINT WARNING * * *
You completely miss the molten gargoyle.
The molten gargoyle is heavily damaged.
You are engulfed in poison gas.
You are more poisoned.
* * * LOW HITPOINT WARNING * * *
You feel extremely sick.
The molten gargoyle blasts magma at you!
The bolt of magma hits you! You partially resist.
* * * LOW HITPOINT WARNING * * *
You slice the molten gargoyle!!
You destroy the molten gargoyle!
Trog accepts your kill.
* * * LOW HITPOINT WARNING * * *
You feel extremely sick.
A merfolk comes into view.
It is wielding a +0 trident and quivering silver boomerangs.
Your Shields skill increases to level 16!
You slash the merfolk! You burn the merfolk. Your headbutt misses the merfolk.
The merfolk is moderately wounded.
* * * LOW HITPOINT WARNING * * *
You feel extremely sick.
The merfolk hits you from afar with a +0 trident.
* * * LOW HITPOINT WARNING * * *
You slice the merfolk!! You burn the merfolk.
The merfolk is severely wounded.
* * * LOW HITPOINT WARNING * * *
You feel extremely sick. You block the merfolk's attack.
You miss the merfolk. Your headbutt misses the merfolk.
The merfolk is severely wounded.
You die...

#..........#
#####################..#....#..#
...................''..........#
...................''..........#
.################..##..#....#..#
.# #W#m# #.°##..........+ .#
#.#m##..##..........+ .#
#.#)#.°####''####''# .#
#°#@°.####''####''## .#
#°#m#°.##......##....
.################..##.#'##.##....
...................##.#..+.##..##
...................##.'..#.##..#
########''###########.#†)).##..#
########''###########.'))#.##..#
...............##..##.##'#.##..#
.....#..#......##..##......##..#


You could see 3 merfolk.

Vanquished Creatures
  Kirke (D)
  A green draconian (D)
  A merfolk javelineer (D)
  A yaktaur captain (D)
  A merfolk impaler (D)
  Erolcha (D)
  A boulder beetle (D)
  A hydra (D)
  A two-headed ogre (D)
  An anaconda (D)
  An orc high priest (D)
  2 sun demons (D)
  3 sea snakes (D)
  An iron troll (D)
  2 deep trolls (D)
  A spriggan druid (D)
  An orc knight (D)
  A bog body (D)
  An orc sorcerer (D)
  A deep elf pyromancer (D)
  A cyclops (D)
  3 black mambas (D)
  An elephant (D)
  A molten gargoyle (D)
  A smoke demon (D)
  Psyche (D)
  A cane toad (D)
  A yaktaur (D)
  2 orange demons (D)
  A demonic crawler (D)
  A guardian mummy (D)
  A red devil (D)
  A hellwing (D)
  A polar bear (D)
  10 merfolk (D)
  3 hornets (D)
  A tyrant leech (D)
  A vampire (D)
  2 flying skulls (D)
  3 spriggans (D)
  6 yaks (D)
  A fire elemental (D)
  3 hogs (D)
  A fire bat (D)
  A chaos spawn (D)
  3 vampire mosquitoes (D)
  A neqoxec (D)
  2 acid dragons (D)
  A floating eye (D)
  3 orc warriors (D)
  Duvessa (D)
  An ice beast (D)
  A sky beast (D)
  2 ogres (D)
  A gnoll sergeant (D)
  A kobold brigand (D)
  A bullfrog (D)
  Dowan (D)
  6 killer bees (D)
  5 orc priests (D)
  Ijyb (D)
  2 orc wizards (D)
  A mummy (D)
  An adder (D)
  3 gnolls (D)
  2 river rats (D)
  2 ufetubi (D)
  An adder skeleton (D)
  An adder zombie (D)
  9 orcs (D)
  A bat (D)
  An endoplasm (D)
  3 giant cockroaches (D)
  2 goblins (D)
  A hobgoblin (D)
  4 jackals (D)
  A ball python (D)
  2 frilled lizards (D)
141 creatures vanquished.

Vanquished Creatures (collateral kills)
  A merfolk javelineer (D)
  A great orb of eyes (D)
2 creatures vanquished.

Vanquished Creatures (others)
  A human (D)
1 creature vanquished.

Grand Total: 144 creatures vanquished

Notes
Turn   | Place    | Note
-------+----------+-------------------------------------------
     0 | D        | boopmooplesden the Minotaur Fighter began the quest for the
                  | Orb.
     0 | D        | Reached XP level 1. HP: 19/19 MP: 0/0
    11 | D        | Reached XP level 2. HP: 28/28 MP: 1/1
    36 | D        | Found a bloodstained altar of Trog.
    36 | D        | Found a shimmering blue altar of Sif Muna.
    36 | D        | Found a viscous altar of Jiyva.
    36 | D        | Found a hazy altar of Hepliaklqana.
    36 | D        | Found an opulent altar of Gozag.
    37 | D        | Found a glowing golden altar of the Shining One.
    37 | D        | Found a glowing silver altar of Zin.
    37 | D        | Found a basalt altar of Yredelemnul.
    37 | D        | Found a shimmering altar of Xom.
    37 | D        | Found an ornate altar of the Wu Jian Council.
    37 | D        | Found a sacrificial altar of Ru.
    37 | D        | Found a stormy altar of Qazlal.
    37 | D        | Found an iron altar of Okawaru.
    37 | D        | Found a sparkling altar of Nemelex Xobeh.
    37 | D        | Found a burning altar of Makhleb.
    37 | D        | Found a blossoming altar of Fedhas.
    37 | D        | Found a white marble altar of Elyvilon.
    37 | D        | Found a shadowy altar of Dithmenos.
    37 | D        | Found a snail-covered altar of Cheibriados.
    39 | D        | Found a corrupted altar of Lugonu.
    39 | D        | Found a radiant altar of Vehumet.
    40 | D        | Became a worshipper of Trog the Wrathful
    56 | D        | Reached skill level 3 in Axes
    61 | D        | Reached * piety under Trog
    70 | D        | Noticed a flying skull
    73 | D        | Reached skill level 5 in Armour
    73 | D        | Reached ** piety under Trog
    75 | D        | Reached skill level 5 in Fighting
    78 | D        | Killed a flying skull
    79 | D        | Reached skill level 6 in Axes
    79 | D        | Reached XP level 3. HP: 16/40 MP: 2/2
    79 | D        | Reached XP level 4. HP: 20/48 MP: 3/3
    79 | D        | Reached XP level 5. HP: 22/53 MP: 4/4
   282 | D        | Noticed Duvessa
   282 | D        | Noticed Dowan
   282 | D        | Noticed an orc warrior
   282 | D        | Noticed a flying skull
   285 | D        | Noticed a fire bat
   290 | D        | Reached *** piety under Trog
   303 | D        | Killed Duvessa
   304 | D        | Reached skill level 8 in Axes
   304 | D        | Reached XP level 6. HP: 17/62 MP: 5/5
   320 | D        | Killed an orc warrior
   321 | D        | Reached skill level 9 in Axes
   321 | D        | Reached skill level 10 in Armour
   324 | D        | Reached **** piety under Trog
   331 | D        | Killed a flying skull
   332 | D        | Reached skill level 10 in Fighting
   332 | D        | Reached skill level 10 in Axes
   332 | D        | Reached XP level 7. HP: 39/72 MP: 6/6
   340 | D        | Killed a fire bat
   341 | D        | Reached skill level 11 in Axes
   344 | D        | Reached ***** piety under Trog
   355 | D        | Killed Dowan
   355 | D        | Identified the +10 war axe of Past Mistakes {flame, rElec
                  | Will+ rCorr Dex+5 Stlth-} (Trog gifted it to you in the
                  | Dungeon)
   355 | D        | Received a gift from Trog
   615 | D        | Noticed a deep troll
   618 | D        | Killed a deep troll
   619 | D        | Reached skill level 13 in Axes
   619 | D        | Reached XP level 8. HP: 58/82 MP: 7/7
   722 | D        | Noticed Ijyb
   727 | D        | Killed Ijyb
   733 | D        | Noticed a sea snake
   733 | D        | Noticed an orc sorcerer
   740 | D        | Killed a sea snake
   741 | D        | Reached skill level 15 in Axes
   741 | D        | Reached XP level 9. HP: 90/90 MP: 8/8
   743 | D        | Noticed a smoke demon
   744 | D        | Killed an orc sorcerer
   744 | D        | Reached ****** piety under Trog
   744 | D        | Received a gift from Trog
   745 | D        | Reached skill level 16 in Axes
   745 | D        | Reached skill level 10 in Shields
   753 | D        | Found the +5 lochaber axe {reach-cleave, poleaxe}
   861 | D        | Noticed a guardian mummy
   867 | D        | Killed a guardian mummy
   878 | D        | Noticed a black mamba
   885 | D        | Killed a black mamba
   886 | D        | Reached skill level 17 in Axes
   931 | D        | Noticed a red devil
   931 | D        | Noticed an orange demon
   931 | D        | Noticed a tyrant leech
   936 | D        | Killed an orange demon
   937 | D        | Reached skill level 1 in Dodging
   939 | D        | Killed a tyrant leech
   943 | D        | Killed a red devil
   943 | D        | Received a gift from Trog
  1249 | D        | Reached skill level 18 in Axes
  1249 | D        | Reached skill level 1 in Stealth
  1249 | D        | Reached XP level 10. HP: 101/101 MP: 9/9
  1256 | D        | Received a gift from Trog
  1280 | D        | Noticed a four-headed hydra
  1283 | D        | Killed a two-headed hydra
  1404 | D        | Noticed a boulder beetle
  1404 | D        | Noticed a merfolk impaler
  1404 | D        | Noticed a cane toad
  1412 | D        | Killed a merfolk impaler
  1412 | D        | Received a gift from Trog
  1413 | D        | Reached skill level 19 in Axes
  1413 | D        | Reached skill level 15 in Armour
  1417 | D        | Killed a cane toad
  1418 | D        | Reached skill level 15 in Fighting
  1689 | D        | Noticed a deep elf pyromancer
  1692 | D        | Received a gift from Trog
  1700 | D        | Killed a deep elf pyromancer
  1701 | D        | Reached XP level 11. HP: 105/114 MP: 10/10
  1702 | D        | Noticed a deep troll
  1710 | D        | Received a gift from Trog
  1712 | D        | Killed a deep troll
  1754 | D        | Noticed a spriggan rider
  1755 | D        | Noticed an orc high priest
  1757 | D        | Noticed a merfolk javelineer
  1760 | D        | Killed a merfolk javelineer
  1761 | D        | Reached skill level 20 in Axes
  1762 | D        | Received a gift from Trog
  1767 | D        | Noticed an anaconda
  1775 | D        | Killed an orc high priest
  1778 | D        | Received a gift from Trog
  1780 | D        | Killed an anaconda
  2015 | D        | Received a gift from Trog
  2032 | D        | Noticed a bog body
  2042 | D        | Killed a bog body
  2043 | D        | Reached skill level 21 in Axes
  2046 | D        | Noticed a sea snake
  2047 | D        | Received a gift from Trog
  2051 | D        | Noticed Psyche
  2052 | D        | Killed a sea snake
  2059 | D        | Killed Psyche
  2070 | D        | Noticed a spriggan rider
  2075 | D        | Reached XP level 12. HP: 126/128 MP: 11/11
  2226 | D        | Noticed a two-headed ogre
  2229 | D        | Killed a two-headed ogre
  2230 | D        | Received a gift from Trog
  2625 | D        | Killed a boulder beetle
  2927 | D        | Reached skill level 22 in Axes
  2931 | D        | Received a gift from Trog
  3126 | D        | Received a gift from Trog
  3206 | D        | Noticed a yaktaur captain
  3214 | D        | Received a gift from Trog
  3216 | D        | Killed a yaktaur captain
  3217 | D        | Reached skill level 15 in Shields
  3235 | D        | Got the ring "Weoxkinumu" {rF+ rC+ SInv}
  3413 | D        | Noticed a great orb of eyes
  3413 | D        | Killed a great orb of eyes
  3415 | D        | Noticed Erolcha
  3419 | D        | Identified the ring of Weixim {rF- rC+ Will+ Str+6 Int+6}
  3419 | D        | Noticed a green draconian
  3421 | D        | Received a gift from Trog
  3422 | D        | Killed Erolcha
  3422 | D        | Noticed Kirke
  3423 | D        | Reached skill level 23 in Axes
  3426 | D        | Killed Kirke
  3436 | D        | Noticed a merfolk javelineer
  3437 | D        | Killed a merfolk javelineer
  3437 | D        | Received a gift from Trog
  3448 | D        | Killed a green draconian
  3449 | D        | Reached XP level 13. HP: 77/145 MP: 12/12
  3454 | D        | HP: 8/217 [merfolk/+0 trident[a merfolk javelineer] (6)]
  3455 | D        | HP: 1/217 [poison (poison gas)]
  3456 | D        | Succumbed to poison (poison gas)

Illustrated notes

Levels and vault maps discovered:
D:        pitsprint [storerooms_1, entrance_room_1, metal_vault_8, armoury_2,
          mini_pit_1, grid_room_1, main_hall_1, silver_pit, the_coven_3,
          the_vestibule_1, steel_vault_1, golden_pit, hallway_of_sentries,
          crystal_vault_4, iron_vault_1, final_vault]

Skill      XL: |  1  2  3  4  5  6  7  8  9 10 11 12 13 |
---------------+----------------------------------------+-----
Fighting       | 4 7 8 10 11 13 15 18 22 | 22.1
Armour         | 4 8 9 10 12 14 16 18 19 | 19.9
Shields        | 4 7 8 9 10 11 13 15 16 | 16.0
Axes           | 6 8 10 13 15 18 19 21 23 | 23.4
Dodging        | 1 2 3 |  3.6
Stealth        | 1 2 |  2.2

Action                   |  1- 3 |  4- 6 |  7- 9 | 10-12 | 13-15 || total
-------------------------+-------+-------+-------+-------+-------++-------
Melee: War axe           |    15 |    32 |    65 |   206 |     7 ||   325
       Headbutt          |     1 |     5 |    10 |    40 |       ||    56
Invok: Berserk           |     1 |     1 |     4 |     5 |       ||    11
       Trog's Hand       |       |     1 |       |     1 |       ||     2
       Brothers in Arms  |       |       |       |     1 |       ||     1
  Use: Scroll            |       |     2 |       |     3 |       ||     5
       Potion            |       |     1 |     1 |     8 |       ||    10
Armor: Scale mail        |    12 |       |       |       |       ||    12
       Plate armour      |       |    14 |    38 |   121 |     2 ||   175
Dodge: Dodged            |     9 |     6 |    11 |    77 |       ||   103
Block: Buckler           |     2 |     4 |    18 |    67 |     1 ||    92
